 Dungeon Crawl Stone Soup version 0.16-a0-3843-ged98c6c (webtiles) character file.

69094 timbw the Severer (level 15, 0/75 HPs)
             Began as a Vine Stalker Gladiator on Jan 30, 2015.
             Was a High Priest of Okawaru.
             Killed by the raging water
             ... invoked by a water nymph
              (18 damage)
             ... on level 5 of the Shoals.
             The game lasted 00:51:59 (6499 turns).

timbw the Severer (Vine Stalker Gladiator)          Turns: 6499, Time: 00:51:59

Health: 0/75       AC: 25    Str: 20    XL:     15   Next: 28%
Magic:  0/26       EV: 15    Int:  8    God:    Okawaru [*****.]
Gold:   987        SH:  0    Dex: 17    Spells: 0 memorised, 14 levels left

rFire  + + .     SeeInvis .     o - +2 battleaxe (elec)
rCold  . . .     Clarity  .     X - +3 plate armour
rNeg   . . .     SustAb   .     (no shield)
rPois  .         Gourm    .     M - +0 helmet
rElec  .         Spirit   +     (no cloak)
rCorr  .         Warding  .     G - +0 pair of gloves of the Boiling Point {Contam +Fly rF++ Regen+ Dex-2}
rMut   .         Stasis   .     Z - +1 pair of boots
MR     +....                    (no amulet)
Stlth  ..........               R - ring of flight
                                h - +2 ring of slaying

@: heroism, finesse, somewhat resistant to hostile enchantments, extremely
unstealthy
A: fangs 3, regeneration 3, magic shield, antimagic bite, no device heal 3, rot
immunity
a: Heroism, Finesse, Renounce Religion, Evoke Flight


You were on level 5 of the Shoals.
You worshipped Okawaru.
Okawaru was extremely pleased with you.
You were not hungry.

You visited 3 branches of the dungeon, and saw 21 of its levels.
You also visited: Sewer and Ice Cave.

You collected 1053 gold pieces.
You spent 66 gold pieces at shops.

Inventory:

Hand weapons
 o - a +2 battleaxe of electrocution (weapon)
 N - a +2 executioner's axe of distortion
 Q - a +1 battleaxe of freezing
 W - a +2 broad axe of chopping
Missiles
 d - 8 throwing nets (quivered)
 A - 7 javelins of returning
Armour
 a - the +1 helmet of Indemnity {+Blink Str-5 Int+4}
   (Okawaru gifted it to you on level 4 of the Shoals)

   It affects your strength (-5).
   It affects your intelligence (+4).
   It lets you blink.
 G - the +0 pair of gloves of the Boiling Point (worn) {Contam +Fly rF++ Regen+ Dex-2}
   (You found it in an ice cave)

   It affects your dexterity (-2).
   It greatly protects you from fire.
   It lets you fly.
   It causes magical contamination when unequipped.
   It increases your rate of regeneration.
 J - a +2 plate armour of magic resistance
 M - a +0 helmet (worn)
 X - a +3 plate armour (worn)
 Z - a +1 pair of boots (worn)
Jewellery
 b - a +2 ring of dexterity
 h - a +2 ring of slaying (left hand)
 I - an uncursed ring of ice
 P - an uncursed ring of protection from fire
 R - a ring of flight (right hand)
Magical devices
 m - a wand of hasting (5)
 p - a wand of fireball (2)
 z - a wand of random effects (19)
 B - a wand of digging (0)
 E - a wand of fire (0)
Scrolls
 g - a scroll of teleportation
 i - 2 scrolls of fog
 q - 2 scrolls of fear
 r - a scroll of noise
 v - 3 scrolls of enchant armour
 w - 2 scrolls of magic mapping
 K - 2 scrolls of holy word
 L - 4 scrolls of enchant weapon
 S - a scroll of remove curse
 U - 2 scrolls of recharging
Potions
 e - 3 potions of resistance
 j - 2 potions of magic
 l - 2 potions of might
 n - a potion of degeneration {unknown}
 s - 2 potions of heal wounds
 t - 4 potions of restore abilities
 u - 5 potions of curing
 x - a potion of ambrosia
 H - 3 potions of agility {unknown}
 T - a potion of cancellation {unknown}
 V - 3 potions of lignification {unknown}
 Y - a potion of cure mutation {unknown}
Books
 y - a book of Minor Magic

   Spells                             Type                      Level
   a - Magic Dart                     Conjuration                  1
   b - Blink                          Translocation                2
   c - Call Imp                       Summoning                    2
   d - Repel Missiles                 Charms/Air                   2
   e - Slow                           Hexes                        2
   f - Conjure Flame                  Conjuration/Fire             3
   g - Mephitic Cloud                 Conjuration/Poison/Air       3
Comestibles
 c - 3 chunks of flesh
 f - 5 bread rations
 k - 2 royal jellies
 C - 5 meat rations
 F - 2 beef jerkies
 O - a slice of pizza


   Skills:
 - Level 7.1(12.1) Fighting
 * Level 16.1(21.1) Axes
 - Level 1.7(6.7) Throwing
 + Level 9.9(14.9) Armour
 + Level 10.0(15.0) Dodging
 - Level 5.8 Invocations
 - Level 6.0 Evocations


You had 14 spell levels left.
You didn't know any spells.

Dungeon Overview and Level Annotations

Branches:
Dungeon (8/15)             Temple (0/1) D:6            Lair (8/8) D:8
 Shoals (5/5) Lair:5
  Snake: Lair:3-6    Spider: Lair:3-6     Slime: Lair:6-8

Altars:
Cheibriados
Elyvilon
Okawaru
Trog

Shops:
D:6 ?

Annotations:
Lair:8 runed door


Innate Abilities, Weirdness & Mutations

You have razor-sharp teeth.
You regenerate.
When hurt, damage is shared between your health and your magic reserves.
Your bite disrupts and absorbs the magic of your enemies.
Potions and wands cannot restore your health.
You are immune to rotting.


Message History

You hit the harpy.
There is a sudden explosion of sparks!
You kill the harpy!
Okawaru accepts your kill. The water nymph touches you.
The water nymph drowns you!
* * * LOW HITPOINT WARNING * * *
Your unstable footing causes you to fumble your attack.
Your unstable footing causes you to fumble your attack.
Your unstable footing causes you to fumble your attack.
The water nymph touches you. The water nymph drowns you!
* * * LOW HITPOINT WARNING * * *
Unknown command.
You slice the water nymph!!
The water nymph is almost dead.
A satyr comes into view. It is wielding a spear.
Your unstable footing causes you to fumble your attack.
You closely miss the water nymph.
The water nymph is almost dead.
The water nymph points at you and mumbles some strange words.
The water swirls and strikes you!
You die...

≈≈≈≈≈≈≈≈≈≈≈≈≈≈≈≈≈≈≈≈≈≈
≈≈≈≈≈≈≈≈≈≈≈≈≈≈≈≈≈≈≈≈≈≈≈
≈≈≈≈≈≈≈≈≈≈.......≈≈≈≈≈≈≈
≈≈..≈≈.≈≈...........≈≈≈≈≈
.≈...≈≈...)≈..†).....≈≈≈≈
≈≈≈.≈≈≈≈....≈≈.#####...≈≈≈
≈...≈≈≈≈<....†## ..# ..≈
.............)#.....# .
..###.....≈@.'..)..#
#...≈≈m††#...!.#
....≈≈≈≈.##...##
.≈....≈.... ####
......≈.....c
....≈........ ........≈≈.
#######≈≈


You could see a satyr and a water nymph.

Vanquished Creatures
  A frost giant (IceCv)
  Aizul (Shoals:4)
  2 merfolk impalers
  A fire dragon (Lair:8)
  Harold (Lair:1)
  3 merfolk aquamancers
  2 satyrs (Shoals:4)
  13 death yaks
  Nergalle (Lair:5)
  7 sea snakes
  3 lindwurms (Lair:8)
  4 griffons
  4 fauns
  A cyclops (Shoals:3)
  12 harpies
  A manticore (Lair:5)
  2 water nymphs
  2 black mambas
  6 sirens
  6 elephants
  6 torpor snails
  7 komodo dragons
  8 spiny frogs
  A spriggan druid (Lair:7)
  11 fire drakes
  17 polar bears
  A wind drake (Shoals:3)
  2 giant leeches (Lair:8)
  13 merfolk
  8 snapping turtles
  3 basilisks
  7 water elementals (Shoals:4)
  30 yaks
  6 wyverns
  A hungry ghost (D:8)
  9 hippogriffs
  23 wolves
  7 porcupines
  A hell hound (Lair:5)
  6 water moccasins
  A sky beast (D:6)
  3 wasps (Lair:8)
  An ice beast (IceCv)
  A phantom (D:8)
  A centaur (Shoals:2)
  An ogre (D:8)
  Sigmund (D:3)
  4 brain worms (Lair:8)
  9 crocodiles
  A big kobold (Sewer)
  A wandering mushroom (Lair:7)
  6 giant frogs
  4 hounds
  3 iguanas
  An orc priest (D:8)
  A giant frog skeleton (D:8)
  A centaur skeleton (D:4)
  5 orc wizards
  6 hell rats (Lair:4)
  9 sheep
  12 adders
  3 giant mites (D:6)
  A shadow imp (D:6)
  30 river rats
  18 worms
  An adder zombie (D:6)
  A giant gecko (D:5)
  5 orcs
  4 bats
  A giant cockroach (D:6)
  10 hobgoblins
  A jackal (Sewer)
  8 kobolds
  11 quokkas
  A giant newt (D:6)
  5 goblins
  8 rats
  4 fungi
  8 plants
432 creatures vanquished.

Vanquished Creatures (others)
  A crocodile (Lair:6)
  A fungus (Lair:3)
  A plant (Lair:8)
3 creatures vanquished.

Grand Total: 435 creatures vanquished

Notes
Turn   | Place    | Note
--------------------------------------------------------------
     0 | D:1      | timbw, the Vine Stalker Gladiator, began the quest for the Orb.
     0 | D:1      | Reached XP level 1. HP: 11/11 MP: 1/1
   132 | D:1      | Reached skill level 3 in Axes
   168 | D:1      | Reached XP level 2. HP: 9/15 MP: 3/3
   190 | D:2      | Reached XP level 3. HP: 8/18 MP: 4/4
   208 | D:2      | Found an iron altar of Okawaru.
   216 | D:2      | Became a worshipper of Warmaster Okawaru
   224 | D:2      | Reached skill level 4 in Axes
   318 | D:3      | Noticed Sigmund
   334 | D:3      | Killed Sigmund
   334 | D:3      | Reached skill level 5 in Axes
   334 | D:3      | Reached XP level 4. HP: 14/23 MP: 3/5
   373 | D:3      | Reached XP level 5. HP: 22/26 MP: 5/7
   388 | D:3      | Found a snail-covered altar of Cheibriados.
   457 | D:3      | Gained mutation: You heal very quickly. [vine stalker growth]
   457 | D:3      | Reached XP level 6. HP: 12/30 MP: 8/8
   458 | D:3      | Found a white marble altar of Elyvilon.
   534 | D:4      | Reached skill level 6 in Axes
   618 | D:5      | Entered Level 5 of the Dungeon
   661 | D:5      | Noticed a moth of wrath
   662 | D:5      | Found a bloodstained altar of Trog.
   831 | D:6      | Found a staircase to the Ecumenical Temple.
   888 | D:6      | Found Gauqu's Magic Scroll Shoppe.
   905 | D:6      | Bought a scroll of magic mapping for 42 gold pieces
   905 | D:6      | Bought a scroll of identify for 24 gold pieces
  1045 | D:6      | Acquired Okawaru's first power
  1121 | D:6      | Found a glowing drain.
  1125 | Sewer    | Entered a sewer
  1133 | Sewer    | Reached skill level 7 in Axes
  1133 | Sewer    | Reached XP level 7. HP: 18/34 MP: 6/9
  1203 | Sewer    | Found a white marble altar of Elyvilon.
  1513 | D:8      | Noticed a hungry ghost
  1526 | D:8      | Killed a hungry ghost
  1552 | D:8      | Reached skill level 1 in Armour
  1576 | D:8      | Gained mutation: You have razor-sharp teeth. [vine stalker growth]
  1576 | D:8      | Reached XP level 8. HP: 24/39 MP: 8/11
  1577 | D:8      | Reached skill level 8 in Axes
  1620 | D:8      | Found a staircase to the Lair.
  1660 | Lair:1   | Entered Level 1 of the Lair of Beasts
  1660 | Lair:1   | Noticed a spiny frog
  1674 | Lair:1   | Killed a spiny frog
  1685 | Lair:1   | Noticed a komodo dragon
  1698 | Lair:1   | Killed a komodo dragon
  1710 | Lair:1   | Reached XP level 9. HP: 15/44 MP: 7/12
  1815 | Lair:1   | Noticed Harold
  1822 | Lair:1   | Reached skill level 9 in Axes
  1829 | Lair:1   | Killed Harold
  1829 | Lair:1   | Received a gift from Okawaru
  1885 | Lair:2   | Found a frozen archway.
  1906 | Lair:2   | Reached skill level 10 in Axes
  1937 | IceCv    | Entered an ice cave
  1942 | IceCv    | Reached XP level 10. HP: 36/51 MP: 13/13
  1948 | IceCv    | Reached skill level 5 in Fighting
  1953 | IceCv    | Reached skill level 5 in Dodging
  2101 | IceCv    | Noticed an ice statue
  2137 | IceCv    | Acquired Okawaru's second power
  2165 | IceCv    | Received a gift from Okawaru
  2165 | IceCv    | Reached skill level 5 in Armour
  2215 | IceCv    | Reached skill level 11 in Axes
  2301 | IceCv    | Reached XP level 11. HP: 21/56 MP: 15/15
  2394 | IceCv    | Got a pair of ancient gloves
  2405 | IceCv    | Identified the +0 pair of gloves of the Boiling Point {Contam +Fly rF++ Regen+ Dex-2} (You found it in an ice cave)
  2498 | IceCv    | Received a gift from Okawaru
  2631 | IceCv    | Noticed a frost giant
  2650 | IceCv    | Reached skill level 12 in Axes
  2658 | IceCv    | Killed a frost giant
  2661 | IceCv    | Received a gift from Okawaru
  2822 | Lair:3   | Reached skill level 1 in Evocations
  2957 | Lair:3   | Gained mutation: You regenerate. [vine stalker growth]
  2957 | Lair:3   | Reached XP level 12. HP: 60/63 MP: 18/18
  3201 | Lair:5   | Reached skill level 1 in Invocations
  3219 | Lair:5   | Received a gift from Okawaru
  3249 | Lair:5   | Reached skill level 13 in Axes
  3317 | Lair:6   | Noticed a death yak
  3318 | Lair:6   | Noticed a death yak
  3318 | Lair:6   | Noticed a death yak
  3320 | Lair:6   | Noticed a death yak
  3330 | Lair:6   | Killed a death yak
  3330 | Lair:6   | Reached skill level 5 in Evocations
  3336 | Lair:6   | Killed a death yak
  3372 | Lair:6   | Killed a death yak
  3375 | Lair:6   | Killed a death yak
  3430 | Lair:6   | Reached XP level 13. HP: 67/67 MP: 21/24
  3446 | Lair:6   | Noticed a five-headed hydra
  3636 | Lair:8   | Entered Level 8 of the Lair of Beasts
  3735 | Lair:8   | Received a gift from Okawaru
  4018 | Lair:8   | Found an iron altar of Okawaru.
  4112 | Lair:8   | Found a runed door.
  4130 | Lair:8   | Received a gift from Okawaru
  4130 | Lair:8   | Reached skill level 5 in Invocations
  4344 | Lair:8   | Reached skill level 14 in Axes
  4810 | Lair:5   | Received a gift from Okawaru
  4816 | Lair:5   | Reached XP level 14. HP: 67/72 MP: 23/25
  4887 | Lair:4   | Noticed a death yak
  4896 | Lair:4   | Killed a death yak
  5118 | Lair:4   | Noticed a death yak
  5118 | Lair:4   | Noticed a death yak
  5118 | Lair:4   | Noticed a death yak
  5118 | Lair:4   | Noticed a death yak
  5126 | Lair:4   | Killed a death yak
  5147 | Lair:4   | Killed a death yak
  5151 | Lair:4   | Killed a death yak
  5152 | Lair:4   | Killed a death yak
  5572 | Lair:5   | Noticed Nergalle
  5581 | Lair:5   | Killed Nergalle
  5593 | Lair:5   | Found a staircase to the Shoals.
  5611 | Lair:5   | Received a gift from Okawaru
  5623 | Shoals:1 | Entered Level 1 of the Shoals
  5635 | Shoals:1 | Received a gift from Okawaru
  5706 | Shoals:2 | Received a gift from Okawaru
  5798 | Shoals:3 | Reached skill level 15 in Axes
  6123 | Shoals:4 | Received a gift from Okawaru
  6150 | Shoals:4 | Noticed Aizul
  6178 | Shoals:4 | Killed Aizul
  6272 | Shoals:4 | Reached XP level 15. HP: 70/75 MP: 26/26
  6295 | Shoals:4 | Got a distressingly furry helmet {god gift}
  6306 | Shoals:4 | Identified the +1 helmet of Indemnity {+Blink Str-5 Int+4} (Okawaru gifted it to you on level 4 of the Shoals)
  6411 | Shoals:5 | Entered Level 5 of the Shoals
  6468 | Shoals:5 | Reached skill level 10 in Dodging
  6474 | Shoals:5 | Reached skill level 16 in Axes
  6499 | Shoals:5 | Killed from afar by a water nymph

Action                   |  1- 3 |  4- 6 |  7- 9 | 10-12 | 13-15 || total
-------------------------+-------+-------+-------+-------+-------++-------
Melee: War axe           |    44 |   109 |   136 |   231 |       ||   520
       Battleaxe         |       |       |       |   172 |   632 ||   804
       Executioner's axe |       |       |       |       |     4 ||     4
Throw: Throwing net      |     1 |     2 |     2 |       |       ||     5
Invok: Heroism           |       |     1 |     5 |    14 |    13 ||    33
       Finesse           |       |       |       |       |     4 ||     4
 Abil: Evoke Flight      |       |       |       |       |     6 ||     6
Evoke: Wand              |       |       |       |     3 |     1 ||     4
  Use: Scroll            |       |       |    12 |     6 |    10 ||    28
       Potion            |       |       |     1 |     2 |       ||     3
 Stab: Held in net/web   |     2 |       |     1 |       |       ||     3
  Eat: Chunk             |       |       |     3 |     7 |    10 ||    20
       Beef jerky        |       |       |     1 |       |       ||     1
       Bread ration      |       |       |       |       |     1 ||     1
